 Dungeon Crawl Stone Soup version 0.31-a0-66-ge618eeaa78 (webtiles) character file.

Game seed: 1348452215016488234

53169 Flugkiller the Arsonist (level 14, -4/85 HPs)
             Began as an Octopode Wanderer on May 22, 2023.
             Was the Champion of Fedhas.
             Slain by a yak (11 damage)
             ... on level 12 of the Dungeon.
             The game lasted 00:42:58 (27327 turns).

Flugkiller the Arsonist (Octopode Wanderer)        Turns: 27327, Time: 00:42:59

Health: -4/85      AC:  3    Str: 16    XL:     14   Next: 67%
Magic:  8/28       EV: 19    Int: 15    God:    Fedhas [******]
Gold:   1050       SH:  0    Dex: 17    Spells: 18/33 levels left

rFire   + . .        J - +2 rapier (speed)
rCold   . . .        (no shield)
rNeg    . . .        c - +2 hat
rPois   .            C - amulet of regeneration
rElec   .            i - ring of see invisible
rCorr   .            p - ring of protection from cold
SInv    +            b - ring of fire
Will    +....        K - +6 ring of dexterity
Stlth   +++          (no ring)
HPRegen 1.14/turn    (no ring)
MPRegen 0.21/turn    (no ring)
                     (no ring)

%: no passive effects
@: very slightly contaminated
A: almost no armour, amphibious, 8 rings, camouflage 1, gelatinous body 1,
(nimble swimmer 1), tentacles
a: Renounce Religion, Wall of Briars, Grow Ballistomycete, Overgrow, Grow Oklob


You were on level 12 of the Dungeon.
You worshipped Fedhas.
Fedhas was exalted by your worship.
You visited 2 branches of the dungeon, and saw 17 of its levels.
You also visited: Sewer.

You collected 1080 gold pieces.
You spent 30 gold pieces at shops.

Inventory:

Hand Weapons
 y - a +0 demon whip of venom
   (You took it off Amaemon on level 3 of the Lair of Beasts)
 J - a +2 rapier of speed (weapon)
   (You took it off Eustachio on level 6 of the Dungeon)
 O - a +1 rapier of distortion
   (You took it off a spriggan on level 5 of the Lair of Beasts)
Missiles
 B - 3 curare-tipped darts (quivered)
 N - a throwing net
Armour
 c - a +2 hat (worn)
 m - a +0 buckler
   (You found it on level 2 of the Dungeon)
Magical Staves
 e - a staff of cold
   (You found it on level 1 of the Dungeon)
Jewellery
 b - a ring of fire (on tentacle)
   (You found it on level 1 of the Dungeon)
 i - a ring of see invisible (left tentacle)
   (You found it on level 4 of the Dungeon)
 p - a ring of protection from cold (right tentacle)
   (You found it on level 6 of the Dungeon)
 C - an amulet of regeneration (around mantle)
   (You found it on level 1 of the Dungeon)
 K - a +6 ring of dexterity (on tentacle)
   (You took it off a spriggan on level 5 of the Lair of Beasts)
 L - a ring of ice
   (You found it on level 7 of the Dungeon)
Wands
 a - a wand of polymorph (12)
   (You found it on level 6 of the Dungeon)
 f - a wand of flame (10)
   (You found it on level 11 of the Dungeon)
 k - a wand of iceblast (18)
   (You found it on level 5 of the Dungeon)
 o - a wand of mindburst (4)
   (You found it on level 3 of the Lair of Beasts)
 D - a wand of charming (7)
   (You found it on level 3 of the Lair of Beasts)
 E - a wand of digging (5)
   (You found it on level 4 of the Lair of Beasts)
 H - a wand of quicksilver (6)
   (You took it off Ijyb on level 4 of the Dungeon)
Scrolls
 r - 3 scrolls of identify
 s - a scroll of vulnerability
 t - 8 scrolls of teleportation
 v - a scroll of poison
 x - a scroll of magic mapping
 z - 3 scrolls of blinking
 A - a scroll of torment
 F - 2 scrolls of enchant armour
 G - 2 scrolls of fog
 M - a scroll of silence
 P - a scroll of fear
Potions
 d - 2 potions of might
 g - 4 potions of magic
 h - a potion of haste
 j - a potion of lignification
 l - 2 potions of enlightenment
 n - a potion of resistance
 q - 6 potions of curing
 u - a potion of berserk rage
 w - 3 potions of heal wounds
 I - 2 potions of brilliance
 Q - 2 potions of ambrosia
 R - a potion of mutation {unknown}


   Skills:
 - Level 4.0 Fighting
 + Level 11.0 Dodging
 - Level 1.3 Stealth
 - Level 4.0 Unarmed Combat
 - Level 10.0 Spellcasting
 - Level 12.0 Conjurations
 + Level 13.0 Fire Magic
 - Level 1.1 Air Magic
 - Level 7.0 Earth Magic
 - Level 7.0 Invocations
 - Level 3.0 Evocations


You had 18 spell levels left.
You knew the following spells:

 Your Spells              Type           Power      Damage    Failure   Level
a - Sandblast             Erth           56%        2d13      1%          1
b - Stone Arrow           Conj/Erth      64%        3d11      1%          3
c - Fireball              Conj/Fire      29%        3d13      2%          5
d - Starburst             Conj/Fire      29%        6d9       14%         6

Your spell library contained the following spells:

 Spells                   Type           Power      Damage    Failure   Level
 Foxfire                  Conj/Fire      100%       2x1d9     1%          1
 Flame Wave               Conj/Fire      58%        2d14      1%          4
 Sticky Flame             Conj/Fire      58%        2d7       1%          4
 Iskenderun's Battlesphe  Conj           43%        2d9       1%          5
 Inner Flame              Hex/Fire       34%        N/A       3%          3
 Volatile Blastmotes      Fire/Tloc      68%        2d15      3%          3
 Dazzling Flash           Conj/Hex       42%        N/A       4%          3
 Hailstorm                Conj/Ice       21%        3d6       4%          3
 Passwall                 Tmut/Erth      11%        N/A       6%          2
 Apportation              Tloc           14%        N/A       10%         1
 Necrotise                Necr           28%        1d5       10%         1
 Slow                     Hex            28%        N/A       10%         1
 Summon Small Mammal      Summ           28%        N/A       10%         1
 Iskenderun's Mystic Bla  Conj/Tloc      21%        2d6       14%         4
 Confusing Touch          Hex            7%         N/A       28%         3
 Vampiric Draining        Necr           7%         2d6       28%         3
 Arcjolt                  Conj/Air       11%        1d21      30%         5
 Vhi's Electric Charge    Tloc/Air       10%        N/A       36%         3
 Orb of Destruction       Conj           21%        9d8       52%         7
 Plasma Beam              Fire/Air       18%        2x1d33    80%         6
 Ice Form                 Ice/Tmut       3%         N/A       85%         4
 Conjure Ball Lightning   Conj/Air       11%        3x3d6     86%         6
 Simulacrum               Ice/Necr       1%         N/A       100%        6


Dungeon Overview and Level Annotations

Branches:
Dungeon (12/15) Zot: 26051  Temple (0/1) D:7            Lair (5/5) D:8 Zot: 17825
  Swamp (0/4) Lair:2       Spider (0/4) Lair:3        Slime (0/5) Lair:4
    Orc (0/2) D:11          Sewer (visited)

Altars:
Ashenzari
Dithmenos
Fedhas
Kikubaaqudgha
Qazlal
Trog
Uskayaw
Vehumet
Xom
Lugonu

Shops:
D:2 !   D:4 *   D:7 *(

Portals:
Abyss: Lair:5

Annotations:
D:5 1 runed translucent door, Crazy Yiuf
D:7 Gastronok
Lair:1 2 transporters, exclusion: ice statue, vishdafish's ghost, journeyman MiBe


Innate Abilities, Weirdness & Mutations

You cannot wear most types of armour.
You are amphibious.
You can wear up to eight rings at the same time.
Your skin changes colour to match your surroundings (Stealth+).
Your rubbery body absorbs attacks. (AC +1, EV +1)
((You are camouflaged when in or above water. (Stealth+)))
You have tentacles for arms and can constrict up to eight enemies at once.


Message History

Casting: Stone Arrow (safe; 1% risk of failure)
Confirm with . or Enter, or press ? or * to list all spells.
Aiming: Stone Arrow (safe; 1% risk of failure)
Press: ? - help, Shift-Dir - straight line, f/p - slime creature
Aim: a slime creature (moderately wounded, 94% to hit)
The stone arrow hits the slime creature!!
The slime creature is severely wounded.
Casting: Stone Arrow (safe; 1% risk of failure)
Confirm with . or Enter, or press ? or * to list all spells.
Aiming: Stone Arrow (safe; 1% risk of failure)
Press: ? - help, Shift-Dir - straight line, f/p - slime creature
Aim: a slime creature (severely wounded, 94% to hit)
The stone arrow hits the slime creature!!
You kill the slime creature!
Fedhas accepts your kill.
There is an open door here.
Casting: Stone Arrow (safe; 1% risk of failure)
Confirm with . or Enter, or press ? or * to list all spells.
Aiming: Stone Arrow (safe; 1% risk of failure)
Press: ? - help, Shift-Dir - straight line, f - slime creature
Aim: a slime creature (94% to hit)
The stone arrow hits the slime creature!!
The slime creature is heavily wounded.
Casting: Stone Arrow (safe; 1% risk of failure)
Confirm with . or Enter, or press ? or * to list all spells.
Aiming: Stone Arrow (safe; 1% risk of failure)
Press: ? - help, Shift-Dir - straight line, f/p - slime creature
Aim: a slime creature (heavily wounded, 94% to hit)
The stone arrow hits the slime creature!
The slime creature is severely wounded.
Casting: Stone Arrow (safe; 1% risk of failure)
Confirm with . or Enter, or press ? or * to list all spells.
Aiming: Stone Arrow (safe; 1% risk of failure)
Press: ? - help, Shift-Dir - straight line, f/p - slime creature
Aim: a slime creature (severely wounded, 94% to hit)
The stone arrow hits the slime creature!
The slime creature is almost dead.
The slime creature completely misses you.
You hit the slime creature.
You kill the slime creature!
Fedhas accepts your kill.
No target in view!
You start resting.
Magic restored.
There is an open door here.
There is an open door here.
R - a sedimented green potion
Things that are here:
a +0 troll leather armour; a +0 club; a +0 club
Things that are here:
a +1 spear of flaming; a +0 scale mail
Found 6 stones.
A sourceless malevolence fills the Dungeon... and a teleportation trap spontaneously manifests!
You are yanked towards some nearby monsters!
Your surroundings suddenly seem different. 5 yaks come into view.
Found a whip.
Found an escape hatch in the floor.
The yak bellows! x5
The yak gores you but does no damage. The yak gores you!
Casting: Stone Arrow (safe; 1% risk of failure)
Confirm with . or Enter, or press ? or * to list all spells.
The spell is quite dangerous to miscast (14% risk of failure)!
Continue anyway?
You feel a surge of power!
You miscast Starburst.
You are very lightly contaminated with residual magic.
You are caught in a violent explosion!
The yak gores you! The yak gores you. x2
The yak closely misses you.
Casting: Starburst (quite dangerous; 14% risk of failure)
Confirm with . or Enter, or press ? or * to list all spells.
The spell is quite dangerous to miscast (14% risk of failure)!
Continue anyway?
You feel a surge of power!
The bolt of fire hits the yak!!!
You kill the yak!
Fedhas appreciates your contribution to the ecosystem.
The bolt of fire hits the yak!!
The yak is severely wounded.
The bolt of fire hits the yak!!
The yak is almost dead.
The bolt of fire hits the yak!!
The yak is heavily wounded.
The bolt of fire hits the yak!!
The yak is severely wounded.
The yak gores you! The yak misses you. The yak closely misses you.
Unknown command.
Casting: Starburst (quite dangerous; 14% risk of failure)
Confirm with . or Enter, or press ? or * to list all spells.
The spell is quite dangerous to miscast (14% risk of failure)!
Continue anyway?
You feel a surge of power!
You miscast Starburst.
Nothing appears to happen.
The yak gores you! The yak gores you.
* * * LOW HITPOINT WARNING * * *
The yak misses you. The yak barely misses you.
A briar patch grows up from the ground. x4; The yak completely misses you. x2
The yak misses you. The yak gores you!
* * * LOW HITPOINT WARNING * * *
Unknown command.
You wriggle carefully through the plants.
The yak gores your briar patch! The yak gores your briar patch.
The yak gores your briar patch! The yak gores you!
You die...
Fedhas appreciates your contribution to the ecosystem.

.....#
#.<......#.)###......
.....# #........#)##
#...... ...(.#
#........'.# #......
.....# .'.......)###
#####+# .....+
###........# .....#
####'##### ######
#... #
######.########
#.....YP@.....#
#.....YYP....... .
#......YP.....## ..
#)............# ...
............^.# .(..
#...>.........#
###############


You could see 4 yaks.

Vanquished Creatures
  A catoblepas (Lair:5)
  5 hydras
  An alligator (shapeshifter) (Lair:5)
  A two-headed ogre (D:12)
  A boulder beetle (Lair:1)
  A tengu warrior (D:11)
  2 thrashing horrors (Lair:5)
  A large abomination (Lair:5)
  2 skysharks (Lair:5)
  Amaemon (Lair:3)
  Pikel (D:6)
  4 ugly things
  Joseph (D:8)
  18 cane toads
  4 black mambas
  An orange demon (Lair:3)
  2 smoke demons (Lair:5)
  An unseen horror (D:11)
  A gargoyle (D:12)
  A torpor snail (Lair:5)
  Maggie (D:6)
  5 komodo dragons
  2 kobold demonologists (D:9)
  3 rime drakes
  A yaktaur (shapeshifter) (Lair:5)
  A tengu conjurer (D:10)
  An ancient zyme (Lair:5)
  4 trolls
  2 hornets
  19 blink frogs
  3 dream sheep (Lair:4)
  A tyrant leech (Lair:2)
  A shadow (D:10)
  Sigmund (D:3)
  5 slime creatures
  2 spriggans (Lair:5)
  4 wyverns
  Eustachio (D:6)
  A wraith (D:12)
  2 ynoxinuls (Lair:5)
  59 yaks
  A hog (shapeshifter) (Lair:5)
  7 basilisks
  A steam dragon (D:8)
  6 vampire mosquitoes
  Menkaure (D:4)
  Edmund (D:4)
  An acid dragon (D:8)
  11 water moccasins
  Duvessa (D:5)
  8 orc warriors
  3 black bears
  4 ogres
  A tengu (D:8)
  14 wolves
  14 small abominations (Lair:5)
  10 centaurs
  A lemure (D:6)
  5 phantoms
  11 kobold brigands
  9 bullfrogs
  5 gnoll sergeants
  4 scorpions
  Dowan (D:5)
  9 killer bees
  An electric eel (Lair:4)
  3 howler monkeys
  6 jellies
  15 orc priests
  4 hounds
  2 gnoll boudas
  Ijyb (D:4)
  11 orc wizards
  4 iguanas
  Robin (D:2)
  12 gnolls
  11 adders
  2 river rats (Sewer)
  A shadow imp (D:5)
  2 white imps
  An ufetubus (D:5)
  8 worms
  A dart slug (D:1)
  40 orcs
  10 ball pythons
  3 bats
  10 endoplasms
  4 giant cockroaches
  5 hobgoblins
  4 jackals (D:4)
  4 quokkas
  3 frilled lizards
  20 goblins
  26 kobolds
  12 rats
  A butterfly (D:7)
526 creatures vanquished.

Vanquished Creatures (collateral kills)
  Erica (D:8)
  A torpor snail (Lair:5)
  A yak (Lair:1)
  6 ballistomycete spores
9 creatures vanquished.

Vanquished Creatures (others)
  A black mamba (Lair:5)
  A human (D:4)
  A hound (D:6)
  A sleepcap (D:6)
  An adder (D:6)
  A ballistomycete spore (D:8)
6 creatures vanquished.

Grand Total: 541 creatures vanquished

Notes
Turn   | Place    | Note
-------+----------+-------------------------------------------
     0 | D:1      | Flugkiller the Octopode Wanderer began the quest for the
                  | Orb.
     0 | D:1      | Flugkiller set off with the following items: a +0 club, a
                  | +0 hat, a scroll of teleportation, a potion of heal wounds,
                  | a scroll of blinking; and the following spell memorised:
                  | Sandblast; and the following spells available to memorise:
                  | Stone Arrow.
     0 | D:1      | Reached XP level 1. HP: 11/11 MP: 2/2
   347 | D:1      | Reached XP level 2. HP: 4/17 MP: 0/3
   821 | D:1      | Reached XP level 3. HP: 21/21 MP: 2/5
  1379 | D:2      | Reached XP level 4. HP: 27/27 MP: 5/7
  1511 | D:2      | Found Wyim's Distillery.
  1535 | D:2      | Bought a potion of curing for 30 gold pieces
  1625 | D:2      | Noticed Robin
  1654 | D:2      | Killed Robin
  1877 | D:3      | Reached XP level 5. HP: 22/31 MP: 3/8
  1966 | D:3      | Found a blossoming altar of Fedhas.
  2072 | D:3      | Became a worshipper of Fedhas Madash
  2356 | D:3      | Noticed Sigmund
  2369 | D:3      | Killed Sigmund
  2370 | D:3      | Reached skill level 5 in Earth Magic
  2370 | D:3      | Reached XP level 6. HP: 29/36 MP: 6/10
  2617 | D:3      | Learned a level 3 spell: Stone Arrow
  2714 | D:4      | Noticed Ijyb
  2956 | D:4      | Noticed an acid dragon
  3024 | D:4      | Found an ancient bone altar of Kikubaaqudgha.
  3110 | D:4      | Found Xuhymene's Mass Market.
  3136 | D:4      | Reached XP level 7. HP: 37/41 MP: 8/12
  3240 | D:4      | Noticed Edmund
  3326 | D:4      | Noticed Menkaure
  3332 | D:4      | Killed Menkaure
  3544 | D:4      | Reached * piety under Fedhas
  3705 | D:4      | Noticed a human
  3706 | D:4      | Killed a human
  3740 | D:4      | Killed Edmund
  4115 | D:5      | Entered Level 5 of the Dungeon
  4137 | D:5      | Noticed Dowan
  4145 | D:5      | Noticed Duvessa
  4268 | D:5      | Reached skill level 5 in Spellcasting
  4268 | D:5      | Reached XP level 8. HP: 46/46 MP: 11/16
  4269 | D:5      | Found a stormy altar of Qazlal.
  4577 | D:5      | Killed Duvessa
  4724 | D:5      | Killed Dowan
  4733 | D:5      | Found a runed translucent door.
  4734 | D:5      | Noticed Crazy Yiuf
  5217 | D:6      | Found a glowing drain.
  5221 | Sewer    | Entered a sewer
  5301 | Sewer    | Reached ** piety under Fedhas
  5476 | Sewer    | Reached XP level 9. HP: 38/51 MP: 16/21
  5709 | D:6      | Noticed Maggie
  5719 | D:6      | HP: 2/51 [Maggie/+2 broad axe of flaming (1)]
  5720 | D:6      | Killed Maggie
  5842 | D:6      | Noticed Eustachio
  6197 | D:6      | Noticed Pikel
  6216 | D:6      | Killed Pikel
  6447 | D:6      | Reached *** piety under Fedhas
  6925 | D:4      | Killed Ijyb
  7093 | D:6      | Killed Eustachio
  7094 | D:6      | Reached XP level 10. HP: 63/63 MP: 7/22
  7230 | D:7      | Found Elayliewn's Antique Weapon Boutique.
  7412 | D:7      | Reached skill level 5 in Dodging
  7499 | D:7      | Found Ruz Boeq's Fire Supplies.
  7619 | D:7      | Found a staircase to the Ecumenical Temple.
  8042 | D:8      | Found a shimmering altar of Xom.
  8284 | D:8      | Noticed Gastronok
  8390 | D:8      | Reached **** piety under Fedhas
  8431 | D:8      | Noticed Joseph
  8459 | D:8      | Paralysed by a hornet for 1 turns
  8683 | D:8      | Killed Joseph
  8771 | D:8      | Noticed Erica
  8779 | D:8      | Killed Erica
  9066 | D:8      | Found a staircase to the Lair.
  9139 | D:9      | Noticed a kobold demonologist
  9139 | D:9      | Noticed a kobold demonologist
  9429 | D:9      | Reached XP level 11. HP: 52/67 MP: 15/23
  9482 | D:9      | Found a hide-covered altar of Uskayaw.
  9520 | D:9      | Learned a level 5 spell: Fireball
  9638 | D:9      | Reached skill level 10 in Dodging
 10212 | D:10     | Entered Level 10 of the Dungeon
 10485 | D:10     | Reached skill level 1 in Fire Magic
 11068 | D:10     | Reached ***** piety under Fedhas
 11389 | D:10     | Found a bloodstained altar of Trog.
 11403 | D:10     | Found a broken altar of Ashenzari.
 11415 | D:10     | Found a radiant altar of Vehumet.
 11573 | D:10     | Found a shadowy altar of Dithmenos.
 12040 | D:11     | Noticed a tengu warrior
 12153 | D:11     | Reached skill level 2 in Fire Magic
 12354 | D:10     | Reached skill level 5 in Invocations
 12674 | D:11     | Reached skill level 5 in Conjurations
 12896 | D:11     | Killed a tengu warrior
 12897 | D:11     | Reached skill level 3 in Fire Magic
 13560 | D:11     | Reached skill level 4 in Fire Magic
 13782 | D:11     | Found a staircase to the Orcish Mines.
 14067 | Lair:1   | Entered Level 1 of the Lair of Beasts
 14067 | Lair:1   | Noticed a boulder beetle
 14070 | Lair:1   | Reached XP level 12. HP: 72/72 MP: 20/25
 14538 | Lair:1   | Reached skill level 5 in Fire Magic
 14662 | Lair:1   | Killed a boulder beetle
 14727 | Lair:1   | Reached skill level 10 in Spellcasting
 15041 | Lair:1   | Found a transporter.
 15068 | Lair:1   | Noticed vishdafish's ghost (journeyman MiBe)
 15096 | Lair:1   | Reached skill level 6 in Fire Magic
 15495 | Lair:1   | Found a transporter.
 16090 | Lair:2   | Reached skill level 7 in Fire Magic
 16184 | Lair:2   | Noticed a five-headed hydra
 16562 | Lair:2   | Reached skill level 8 in Fire Magic
 16729 | Lair:2   | Found an ancient bone altar of Kikubaaqudgha.
 17071 | Lair:2   | Killed a five-headed hydra
 17072 | Lair:2   | Reached skill level 9 in Fire Magic
 17225 | Lair:2   | Noticed a four-headed hydra
 17304 | Lair:2   | Killed a four-headed hydra
 17305 | Lair:2   | Reached XP level 13. HP: 27/77 MP: 14/27
 17492 | Lair:2   | Found a staircase to the Swamp.
 17859 | Lair:3   | Reached skill level 10 in Fire Magic
 17933 | Lair:3   | Noticed Amaemon
 17943 | Lair:3   | Killed Amaemon
 18504 | Lair:3   | Reached skill level 11 in Fire Magic
 18691 | Lair:3   | Learned a level 6 spell: Starburst
 18832 | Lair:3   | Reached skill level 1 in Air Magic
 19379 | Lair:3   | Found a hole to the Spider Nest.
 20657 | Lair:4   | Found a staircase to the Slime Pits.
 21357 | Lair:5   | Entered Level 5 of the Lair of Beasts
 22035 | Lair:5   | Reached skill level 10 in Conjurations
 22483 | Lair:5   | Reached ****** piety under Fedhas
 22838 | Lair:5   | Reached XP level 14. HP: 83/83 MP: 9/28
 25297 | Lair:5   | Reached skill level 12 in Fire Magic
 26105 | Lair:5   | Found a corrupted altar of Lugonu.
 26105 | Lair:5   | Found a one-way gate to the infinite horrors of the Abyss.
 27163 | D:12     | Reached skill level 13 in Fire Magic
 27327 | D:12     | Slain by a yak

Illustrated notes

Levels and vault maps discovered:
D:1:      elethiomel_arrival_maze, layout_basic
D:2:      layout_rooms, serial_shops, nicolae_shop_industrial_runoff, uniq_robin
D:3:      layout_basic, mainiacjoe_overflow_cross_hatched, minivault_5,
          guppyfry_early_lair_pool, uniq_sigmund
D:4:      minmay_thick_lines, layout_loops_ring, tgw_kikubaaqudgha,
          minivault_24, minmay_misc_feat_cross, minmay_shop_mass, uniq_ijyb,
          uniq_edmund, uniq_menkaure
D:5:      layout_cave_pools, lemuel_round_altar, kennysheep_small_spiral,
          uniq_crazy_yiuf_cottage, uniq_duvessa
D:6:      layout_loops_ring, gup_sewer_entry_bowl, uniq_pikel, uniq_maggie,
          uniq_eustachio
D:7:      layout_cave_pools, minmay_temple_entry_butterflies, serial_shops,
          shop, nicolae_hexahallways, nicolae_shop_fire_sale
          [nicolae_sub_dead_trees], minmay_misc_feat_tiny, columned_hall_lemuel,
          st_stairs_5, minmay_door_square
D:8:      layout_rooms, overflow_temple_1_default, lair_entry_dummy,
          uniq_joseph, uniq_erica, uniq_gastronok
D:9:      layout_rooms, nicolae_uskayaw_murder_on_the_dancefloor
D:10:     layout_layer_cave, nicolae_overflow_quartered_altars,
          kennysheep_generic_room_11
D:11:     layout_basic, kennysheep_orc_monster_closet_entryway
D:12:     layout_roguey
Lair:1:   layout_hall_layers, nzn_ghost_randoct, beast_lair_carwin_3,
          lemuel_fruit_tree
Lair:2:   layout_gridlike, palyth_hydra_swamp_entry, basic_altar,
          grunt_megastairs_1
Lair:3:   layout_gridlike, spider_nest_entry_web_field,
          small_statue_intersection, infiniplex_staircase_pool_2, uniq_amaemon
Lair:4:   layout_cave_pods, minmay_slime_entry_pillars, serial_bayou_pond_c,
          dreamdust_gnoll_shepherd, grunt_megastairs_3
Lair:5:   hellmonk_lair_end_abyssal_woods, layout_long_grid

Skill      XL: |  1  2  3  4  5  6  7  8  9 10 11 12 13 14 |
---------------+-------------------------------------------+-----
Earth Magic    | 3 4 5 6 7 |  7.0
Spellcasting   | 2 3 5 8 9 10 | 10.0
Conjurations   | 4 6 8 11 12 | 12.0
Fighting       | 3 4 |  4.0
Invocations    | 4 5 7 |  7.0
Dodging        | 3 9 11 | 11.0
Fire Magic     | 4 9 11 13 | 13.0
Air Magic      | 1 |  1.1
Evocations     | 3 |  3.0
Stealth        | |  1.3
Unarmed Combat | |  4.0

Action                     |  1- 3 |  4- 6 |  7- 9 | 10-12 | 13-15 || total
---------------------------+-------+-------+-------+-------+-------++-------
  Melee: Short sword       |    11 |     3 |       |       |       ||    14
         Club              |     2 |       |       |       |       ||     2
         Constrict         |     3 |     7 |    13 |    36 |    16 ||    75
         Dagger            |       |    21 |    38 |       |       ||    59
         Tentacles         |       |     6 |    15 |    45 |    35 ||   101
         Punch             |       |     1 |     3 |    12 |     5 ||    21
         Rapier            |       |       |       |   195 |   125 ||   320
  Throw: Dart              |       |       |       |     2 |     4 ||     6
   Cast: Sandblast         |    46 |    68 |   168 |   196 |    62 ||   540
         Stone Arrow       |       |       |    38 |   271 |   305 ||   614
         Fireball          |       |       |       |     3 |    88 ||    91
         Starburst         |       |       |       |       |     5 ||     5
 Invoke: Wall of Briars    |       |       |       |     7 |     5 ||    12
         Grow Ballistomyce |       |       |       |     2 |       ||     2
  Evoke: Wand              |       |       |       |     4 |    10 ||    14
    Use: Scroll            |       |     3 |     7 |    11 |     4 ||    25
         Potion            |       |     1 |     1 |     8 |     2 ||    12
   Stab: Sleeping          |       |       |       |     2 |       ||     2
 Armour: Skin              |     1 |     3 |    16 |    52 |    32 ||   104
  Dodge: Dodged            |     9 |    36 |    67 |   436 |   301 ||   849

Table legend: (Time is in decaauts)
 A = Elapsed time spent in this place.
 B = Non-inter-level travel time spent in this place.
 C = Inter-level travel time spent in this place.
 D = Time resting spent in this place.
 E = Time spent auto-exploring this place.
 F = Levels seen in this place.
 G = Mean time per level.
                   A        B        C        D        E       F      G
               +--------+--------+--------+--------+--------+-----+--------+
         Total |  27626 |  26460 |   1166 |  10575 |   9942 |  18 | 1534.8 |
       Dungeon |  14943 |  14227 |    716 |   4302 |   6685 |  12 | 1245.2 |
          Lair |  12174 |  11725 |    449 |   6262 |   2934 |   5 | 2434.8 |
         Sewer |    508 |    508 |      0 |     10 |    323 |   1 |  508.0 |
               +--------+--------+--------+--------+--------+-----+--------+

Top non-repeatable levels by time:
  Lair:5: 3873 daAuts
  Lair:2: 2679 daAuts
  Lair:4: 2327 daAuts
    D:10: 2321 daAuts
  Lair:1: 1845 daAuts
     D:4: 1634 daAuts
    D:11: 1552 daAuts
  Lair:3: 1449 daAuts
     D:6: 1359 daAuts
     D:8: 1333 daAuts
     D:1: 1184 daAuts
     D:7: 1033 daAuts
     D:5: 1015 daAuts
    D:12: 946 daAuts
     D:9: 919 daAuts
